 Dungeon Crawl Stone Soup version 0.29.1-15-g9cfb28693d (webtiles) character file.

Game seed: 4467958483779664313

514 Xebyang the Covert (level 7, 0/35 HPs)
             Began as a Spriggan Brigand on Apr 12, 2023.
             Was an Initiate of Cheibriados.
             Killed by their own static electricity (1 damage)
             ... on level 5 of the Dungeon.
             The game lasted 00:20:07 (4847 turns).

Xebyang the Covert (Spriggan Brigand)               Turns: 4847, Time: 00:20:08

Health: 0/35       AC:  4    Str: 10    XL:     7   Next: 0%
Magic:  1/11       EV: 17    Int: 20    God:    Cheibriados [......]
Gold:   212        SH:  5    Dex: 17    Spells: 8/10 levels left

rFire   . . .      SeeInvis +   s - +1 short sword (venom)
rCold   + . .      Faith    .   (no shield)
rNeg    . . .      Spirit   .   b - +0 robe
rPois   .          Reflect  +   (helmet restricted)
rElec   .          Harm     .   c - +1 cloak
rCorr   .          Rampage  .   (gloves unavailable)
Will    +....                   (boots unavailable)
Stlth   ++++......              i - amulet of reflection
HPRegen 0.11/turn               m - +6 ring of intelligence
MPRegen 0.12/turn               q - ring of protection from cold

@: very slightly contaminated, quick
A: very small, no large weapons, unfitting armour, see invisible, speed 3
a: Renounce Religion


You were on level 5 of the Dungeon.
You worshipped Cheibriados.
Cheibriados was noncommittal.
You visited 1 branch of the dungeon, and saw 5 of its levels.

You collected 212 gold pieces.

Inventory:

Hand Weapons
 a - a +2 dagger
 s - a +1 short sword of venom (weapon)
Missiles
 d - 12 poisoned darts (quivered)
 e - 3 curare-tipped darts
 k - 3 boomerangs
 y - 2 javelins
Armour
 b - a +0 robe (worn)
 c - a +1 cloak (worn)
Jewellery
 i - an amulet of reflection (around neck)
 m - a +6 ring of intelligence (left hand)
 q - a ring of protection from cold (right hand)
 B - a +4 ring of slaying
Scrolls
 f - a scroll of amnesia
 h - 4 scrolls of immolation
 t - a scroll of fear
 u - a scroll of teleportation
 v - a scroll of summoning
 w - a scroll of enchant armour
Potions
 g - 2 potions of haste {unknown}
 j - 2 potions of curing {unknown}
 l - 2 potions of heal wounds {unknown}
 n - 2 potions of attraction {unknown}
 o - a potion of flight {unknown}
 p - 2 potions of mutation {unknown}
 r - 2 potions of cancellation {unknown}
 x - 2 potions of invisibility {unknown}
 E - a potion of berserk rage {unknown}


   Skills:
 * Level 2.2 Fighting
 * Level 3.0 Short Blades
 * Level 3.4 Throwing
 * Level 1.1 Armour
 * Level 2.5 Dodging
 * Level 8.3 Stealth
 * Level 2.1 Spellcasting
 * Level 1.2 Conjurations
 * Level 1.3 Air Magic
 * Level 2.4 Evocations


You had 8 spell levels left.
You knew the following spells:

 Your Spells              Type           Power      Damage    Failure   Level
a - Static Discharge      Conj/Air       7%         3-4/arc   14%         2

Your spell library contained the following spells:

 Spells                   Type           Power      Damage    Failure   Level
 Sticky Flame             Conj/Fire      4%         2d3       77%         4
 Dispel Undead            Necr           2%         3d7       83%         4


Dungeon Overview and Level Annotations

Branches:
Dungeon (5/15)
 Temple: D:4-7

Altars:
Cheibriados
Kikubaaqudgha
Qazlal
Vehumet

Shops:
D:1 =


Innate Abilities, Weirdness & Mutations

You are very small and have problems with some larger weapons.
You are too small for most types of armour.
You have supernaturally acute eyesight. (SInv)
You cover ground extremely quickly. (Speed+++)


Message History

Found an amulet of reflection.
The helpless orc fails to defend itself.
You impale the orc!!
You kill the orc!
You have reached level 7!
Things that are here:
a +0 whip; a +0 leather armour; an orc corpse The jelly quivers.
The jelly closely misses you.
You see here an amulet of reflection.
Casting: Static Discharge (safe; 14% risk of failure)
Confirm with . or Enter, or press ? or * to list all spells.
You miscast Static Discharge.
You are very lightly contaminated with residual magic.
Nothing appears to happen.
The jelly closely misses you.
Unknown command.
Casting: Static Discharge (safe; 14% risk of failure)
Confirm with . or Enter, or press ? or * to list all spells.
You miscast Static Discharge.
Nothing appears to happen.
The jelly misses you.
Unknown command.
Casting: Static Discharge (safe; 14% risk of failure)
Confirm with . or Enter, or press ? or * to list all spells.
The jelly is struck by an arc of lightning.
The jelly is heavily wounded.
You are struck by an arc of lightning.
The lightning grounds out.
The jelly hits you.
You are splashed with acid!
Unknown command.
Casting: Static Discharge (safe; 14% risk of failure)
Confirm with . or Enter, or press ? or * to list all spells.
The jelly is struck by an arc of lightning.
The jelly is almost dead.
You are struck by an arc of lightning.
The lightning grounds out.
The jelly hits you.
You are splashed with acid!
* * * LOW HITPOINT WARNING * * *
Casting: Static Discharge (safe; 14% risk of failure)
Confirm with . or Enter, or press ? or * to list all spells.
The jelly is struck by an arc of lightning!
You kill the jelly!
You are struck by an arc of lightning.
You die...

#...# ##...##.+######
#...........≈.#
.......≈...:..###
.......≈≈≈......## #
#...≈≈≈≈≈≈≈...#..J #.
#..≈≈≈≈≈≈≈.≈..#.##
#.##.≈≈≈≈⌠>≈≈......#
#...@≈≈≈≈._≈≈..l.###
###...≈≈≈≈≈≈≈≈...#
##..≈≈≈≈≈≈≈≈...#
#.....≈.≈≈≈...#
#.≈.....≈.....####
#.................
##)#####.###.####.
#..####.# #l#
#########...##.###.##


There were no monsters in sight!

Vanquished Creatures
  A black bear (D:4)
  2 scorpions (D:4)
  2 jellies
  An orc priest (D:4)
  A hound (D:4)
  An iguana (D:5)
  7 gnolls
  4 adders
  An ufetubus (D:5)
  A worm (D:3)
  3 dart slugs
  5 orcs
  3 ball pythons
  2 bats
  2 bat zombies (D:3)
  9 endoplasms
  2 giant cockroaches
  7 goblins
  7 hobgoblins
  3 jackals (D:2)
  2 quokkas
  A frilled lizard (D:1)
  4 kobolds
  10 rats
  A rat zombie (D:3)
82 creatures vanquished.

Vanquished Creatures (others)
  A plant (D:2)
1 creature vanquished.

Grand Total: 83 creatures vanquished

Notes
Turn   | Place    | Note
-------+----------+-------------------------------------------
     0 | D:1      | Xebyang the Spriggan Brigand began the quest for the Orb.
     0 | D:1      | Reached XP level 1. HP: 10/10 MP: 2/2
   373 | D:1      | Reached skill level 6 in Stealth
   687 | D:1      | Reached XP level 2. HP: 15/15 MP: 3/3
  1082 | D:2      | Reached XP level 3. HP: 18/18 MP: 4/4
  1139 | D:3      | Learned a level 2 spell: Static Discharge
  1213 | D:3      | Reached skill level 1 in Evocations
  1222 | D:3      | Reached skill level 7 in Stealth
  1304 | D:3      | Reached XP level 4. HP: 13/23 MP: 6/6
  1480 | D:4      | Noticed a scorpion
  1489 | D:4      | Killed a scorpion
  1490 | D:4      | Reached skill level 1 in Spellcasting
  1509 | D:4      | Reached XP level 5. HP: 20/26 MP: 7/7
  1722 | D:4      | Found a snail-covered altar of Cheibriados.
  1756 | D:4      | Became a worshipper of Cheibriados the Contemplative
  1946 | D:4      | Reached skill level 1 in Air Magic
  2115 | D:4      | Noticed a black bear
  2121 | D:4      | Killed a black bear
  2122 | D:4      | Reached skill level 1 in Armour
  2122 | D:4      | Reached skill level 1 in Conjurations
  2122 | D:4      | Reached XP level 6. HP: 30/30 MP: 9/9
  2198 | D:4      | Reached skill level 8 in Stealth
  3287 | D:3      | Found an ancient bone altar of Kikubaaqudgha.
  3775 | D:2      | Found a radiant altar of Vehumet.
  4016 | D:1      | Found Vixeag's Jewellery Emporium.
  4308 | D:1      | Found a faded altar of an unknown god.
  4695 | D:4      | You fall into a shaft and drop 1 floor!
  4695 | D:5      | Entered Level 5 of the Dungeon
  4752 | D:5      | Found a stormy altar of Qazlal.
  4835 | D:5      | Reached XP level 7. HP: 25/35 MP: 11/11
  4846 | D:5      | HP: 1/35 [acid (10)]
  4847 | D:5      | Killed from afar by themself

Illustrated notes

Levels and vault maps discovered:
D:1:      evilmike_arrival_crescent, layout_loops_corners, serial_shops, shop,
          dreamdust_ecumenical_altar_statues, minmay_misc_feat_more_columns,
          minmay_pentomino_x2
D:2:      layout_basic, serial_bayou, serial_bayou_lagoon_a,
          serial_bayou_crossing, serial_bayou_pond_e, serial_bayou_ford_a,
          basic_altar, hangedman_abyss_or_decor_lesser_grid
D:3:      layout_loops_ring, lemuel_zombie_altar_kikubaaqudgha,
          minmay_statues_item, roderic_roman_lattice
D:4:      layout_basic, amcnicky_altar_gilded, minmay_fractal_squares_gapless_5
D:5:      layout_loops_corners, nicolae_qazlal_general_emergency,
          old_standard_altar, nicolae_ossuary_entry_ruins,
          minmay_fractal_squares_5, uniq_grinder

Skill      XL: |  1  2  3  4  5  6 |
---------------+-------------------+-----
Stealth        | 6 7 8 |  8.3
Evocations     | 1 2 |  2.4
Dodging        | 2 |  2.5
Spellcasting   | 1 2 |  2.1
Air Magic      | 1 |  1.3
Fighting       | 2 |  2.2
Throwing       | 3 |  3.4
Armour         | 1 |  1.1
Conjurations   | 1 |  1.2
Short Blades   | 3 |  3.0

Action                   |  1- 3 |  4- 6 |  7- 9 || total
-------------------------+-------+-------+-------++-------
Melee: Dagger            |    44 |    18 |       ||    62
       Punch             |     1 |       |       ||     1
       Short sword       |       |    38 |       ||    38
Throw: Dart              |    19 |    20 |       ||    39
 Cast: Static Discharge  |     1 |    28 |     2 ||    31
Evoke: Wand              |     4 |     5 |       ||     9
  Use: Scroll            |     1 |    10 |       ||    11
 Stab: Sleeping          |     5 |    14 |       ||    19
Armor: Robe              |     2 |     6 |       ||     8
Dodge: Dodged            |    29 |    43 |     3 ||    75
Block: Other             |     3 |    15 |       ||    18
       Reflection        |       |     1 |       ||     1
